 Dungeon Crawl Stone Soup version 0.21.0-3-g78d12a8 (console) character file.

89 ahub the Skirmisher (level 4, -4/37 HPs)
             Began as a Demonspawn Monk on Jan 8, 2018.
             Was a Believer of Cheibriados.
             Slain by a gnoll
             ... wielding a +0 halberd
              (5 damage)
             ... on level 2 of the Dungeon.
             The game lasted 00:06:01 (2249 turns).

ahub the Skirmisher (Demonspawn Monk)               Turns: 2249, Time: 00:06:01

Health: -4/37      AC:  3    Str: 18    XL:     4   Next: 31%
Magic:  4/4        EV: 14    Int: 16    God:    Cheibriados [**....]
Gold:   120        SH:  0    Dex: 20    Spells: 3/3 levels left

rFire    . . .     SeeInvis .   a - +0 falchion
rCold    . . .     Gourm    .   (no shield)
rNeg     + . .     Faith    .   g - +0 leather armour
rPois    .         Spirit   .   (no helmet)
rElec    .         Reflect  .   (no cloak)
rCorr    .         Harm     .   (no gloves)
MR       .....                  (no boots)
Stlth    ++........             (no amulet)
HPRegen  0.12/turn              e - ring of positive energy
MPRegen  0.09/turn              (no ring)

@: very slow
A: rot immunity
a: Bend Time, Renounce Religion


You were on level 2 of the Dungeon.
You worshipped Cheibriados.
Cheibriados was pleased with you.
You were not hungry.

You visited 1 branch of the dungeon, and saw 2 of its levels.

You collected 120 gold pieces.

Inventory:

Hand Weapons
 a - a +0 falchion (weapon)
Armour
 g - a +0 leather armour (worn)
Jewellery
 e - a ring of positive energy (left hand)
Scrolls
 b - 2 scrolls of identify {unknown}
 d - a scroll of enchant weapon {unknown}
 f - a scroll of remove curse {unknown}
 j - a scroll of teleportation {unknown}
 k - a scroll of immolation {unknown}
Potions
 h - a potion of curing
 i - a potion of degeneration {unknown}
 l - a potion of lignification {unknown}
Comestibles
 c - 4 rations
 m - a chunk of flesh


   Skills:
 + Level 3.7 Fighting
 + Level 3.4 Long Blades
 + Level 3.5 Dodging
 - Level 2.0 Stealth


You had 3 spell levels left.
You didn't know any spells.

Dungeon Overview and Level Annotations

Branches:
Dungeon (2/15)

Altars:
Ashenzari
Cheibriados
Makhleb
Uskayaw


Innate Abilities, Weirdness & Mutations

You are immune to rotting.


Message History

It was a potion of curing.
You feel better. The gnoll closely misses you.
The gnoll hits you from afar with a halberd.
You hit the gnoll.
The gnoll is moderately wounded.
The gnoll closely misses you. The gnoll barely misses you.
You hit the gnoll.
The gnoll is severely wounded.
The gnoll barely misses you.
You riposte.
You closely miss the gnoll.
The gnoll is severely wounded.
The gnoll closely misses you.
You hit the gnoll but do no damage.
The gnoll is severely wounded.
The gnoll hits you with a spear. The gnoll misses you.
The gnoll closely misses you.
You hit the gnoll.
You kill the gnoll!
Cheibriados appreciates the change of pace.
The gnoll hits you from afar with a halberd!
* * * LOW HITPOINT WARNING * * *
The gnoll hits you with a halberd.
You die...

#### #.. #g### #
#@#.##.# #).....#
#.#.##.# #....#.#
.... #<.....# ...
### #####
##...######.. ..#
#...######
###.###.....####.#
.........###
#.....#.# #....#.#
....###....#
#.#.###.###.##.#.#
.8..._...8.#
#.#.###.##...#.#.#
.....).....#
#.........._......


You could see a gnoll.

Vanquished Creatures
  2 adders (D:2)
  2 gnolls (D:2)
  An ooze (D:1)
  A worm (D:2)
  A dart slug (D:2)
  A ball python (D:1)
  5 bats
  2 giant cockroaches
  3 goblins (D:1)
  7 hobgoblins
  5 kobolds
  2 quokkas (D:2)
  7 frilled lizards
  3 rats
42 creatures vanquished.

Notes
Turn   | Place    | Note
-------+----------+-------------------------------------------
     0 | D:1      | ahub the Demonspawn Monk began the quest for the Orb.
     0 | D:1      | Reached XP level 1. HP: 18/18 MP: 1/1
   322 | D:1      | Gained mutation: You are immune to rotting. [demonic ancestry]
   322 | D:1      | Reached XP level 2. HP: 20/24 MP: 2/2
   755 | D:2      | Reached XP level 3. HP: 29/29 MP: 3/3
  1426 | D:2      | Found a shattered altar of Ashenzari.
  1522 | D:2      | Found a snail-covered altar of Cheibriados.
  1528 | D:2      | Became a worshipper of Cheibriados the Contemplative
  1528 | D:2      | Reached * piety under Cheibriados
  1528 | D:2      | Reached ** piety under Cheibriados
  1996 | D:2      | Found a hide-covered altar of Uskayaw.
  2064 | D:2      | Reached XP level 4. HP: 29/35 MP: 4/4
  2150 | D:2      | Found a burning altar of Makhleb.
  2150 | D:2      | Noticed a green death
  2153 | D:2      | Noticed a ynoxinul
  2153 | D:2      | Noticed an orange demon
  2248 | D:2      | HP: 1/37 [gnoll/halberd (11)]
  2249 | D:2      | Slain by a gnoll

Skill      XL: |  1  2 |
---------------+-------+-----
Dodging        | 3 |  3.5
Long Blades    | 3 |  3.4
Stealth        | 2 |  2.0
Fighting       | |  3.7

Action                   |  1- 3 |  4- 6 || total
-------------------------+-------+-------++-------
Melee: Falchion          |   127 |    18 ||   145
  Use: Potion            |       |     1 ||     1
 Stab: Sleeping          |     3 |     1 ||     4
  Eat: Ration            |     1 |       ||     1
Armor: Robe              |     7 |       ||     7
       Leather armour    |    19 |     2 ||    21
Dodge: Dodged            |    99 |    23 ||   122
       Rpst.: Falchion   |    26 |     6 ||    32
